 Dungeon Crawl Stone Soup version 0.27.0-1-g7a089689b8 (webtiles) character file.

Game seed: 14446130619658634003

2 Spectrina the Sneak (level 1, 0/13 HPs)
             Began as a Deep Elf Delver on Aug 6, 2021.
             Killed from afar by a white imp (7 damage)
             ... with a puff of frost
             ... on level 5 of the Dungeon.
             The game lasted 00:01:33 (232 turns).

Spectrina the Sneak (Deep Elf Delver)                Turns: 232, Time: 00:01:34

Health: 0/13       AC:  4    Str:  9    XL:     1   Next: 25%
Magic:  3/3        EV: 12    Int: 14    God:
Gold:   5          SH:  0    Dex: 16    Spells: 1/1 levels left

rFire    . . .     SeeInvis .   h - +0 quarterstaff
rCold    . . .     Faith    .   (shield currently unavailable)
rNeg     . . .     Spirit   .   b - +0 leather armour
rPois    .         Reflect  .   (no helmet)
rElec    .         Harm     .   i - +0 cloak
rCorr    .         Rampage  .   (no gloves)
Will     .....                  (no boots)
Stlth    +++.......             (no amulet)
HPRegen  0.04/turn              (no ring)
MPRegen  0.08/turn              (no ring)

@: no status effects
A: no striking features
a: no special abilities


You were on level 5 of the Dungeon.
You visited 1 branch of the dungeon, and saw 3 of its levels.

You collected 5 gold pieces.

Inventory:

Hand Weapons
 a - a +0 short sword
 h - a +0 quarterstaff (weapon)
Armour
 b - a +0 leather armour (worn)
 i - a +0 cloak (worn)
Wands
 g - a wand of digging (3)
Scrolls
 c - a scroll of fog
 d - a scroll of magic mapping
 e - a scroll of fear
 j - 2 scrolls of identify {unknown}
 k - a scroll of torment {unknown}
 l - a scroll of teleportation {unknown}
Potions
 f - a potion of haste


   Skills:
 - Level 2.4 Fighting
 - Level 2.0 Short Blades
 - Level 2.4 Dodging
 - Level 6.0 Stealth
 + Level 0.5 Spellcasting
 + Level 0.3 Invocations


You had one spell level left.
You didn't know any spells.
Your spell library was empty.

Dungeon Overview and Level Annotations

Branches:
Dungeon (5/15)
 Temple: D:4-7

Altars:
Gozag
Ru
Uskayaw


Message History

The orc is severely wounded.
The orc hits you with a +0 club.
You hit the orc.
The orc is severely wounded.
The orc misses you.
You barely miss the orc.
The orc is severely wounded.
The orc hits you with a +0 club. The orc hits you but does no damage.
You hit the orc.
You kill the orc!
You see here a +0 club.
Found a stone staircase leading down.
A bat comes into view.
Found a stone staircase leading up.
There is a stone staircase leading up here.
Found a scale mail.
There is a stone staircase leading up here.
You hear the slow rusting of a drain nearby.
You hear the slow rusting of a very distant drain.
Found an opulent altar of Gozag and a hide-covered altar of Uskayaw.
You fall into a shaft and drop 2 floors!
The shaft crumbles and collapses.
Found a scroll labelled SAOMUOQEMA.
A scorpion and a white imp come into view.
Unknown command.
a - a +0 short sword (weapon)
The white imp shouts, "Away with thee, thou loggerheaded boil-brained blabberskite!"
The white imp closely misses you.
Unknown command.
h - a +0 quarterstaff (weapon)
You barely miss the white imp. The white imp hits you.
The white imp freezes you.
You hit the white imp.
The white imp is lightly wounded.
The white imp hits you but does no damage.
The scorpion misses you. The white imp gestures at you.
The puff of frost hits you!
Ouch! That really hurt!
You die...

.. #..# .. ...
.... ... ....
#..##... ....##
#.....#
#.....##.....# .
#..........#..
##.............
#.....s........
...#....@.......
#.....5.###..
#.......#
#...#.....
...?.#......
#..#...........
#..#...#...#...
#. ## . ...##..


You could see a scorpion and a white imp.

Vanquished Creatures
  An orc (D:3)
1 creature vanquished.

Notes
Turn   | Place    | Note
-------+----------+-------------------------------------------
     0 | D:5      | Spectrina the Deep Elf Delver began the quest for the Orb.
     0 | D:5      | Reached XP level 1. HP: 13/13 MP: 3/3
    39 | D:5      | Noticed an iguana
    66 | D:4      | Found a sacrificial altar of Ru.
   102 | D:4      | Noticed a hound
   222 | D:3      | Found an opulent altar of Gozag.
   222 | D:3      | Found a hide-covered altar of Uskayaw.
   227 | D:3      | You fall into a shaft and drop 2 floors!
   228 | D:5      | Noticed a scorpion
   232 | D:5      | Killed from afar by a white imp

Illustrated notes

Levels and vault maps discovered:
D:3:      layout_loops_ring, minitemple, lightli_sewer_entry_pipes,
          hangedman_decor_clover_reticule, guppyfry_early_orc_mine
D:4:      layout_basic, lemuel_zombie_altar_kikubaaqudgha,
          nicolae_ru_path_of_blood, gammafunk_temple_overflow_statue
D:5:      layout_cave_pools, hex_medium, minmay_bent, uniq_blork_the_orc,
          uniq_prince_ribbit1

Action                   || total
-------------------------++-------
Melee: Quarterstaff      ||     7
Armor: Leather armour    ||     2
Dodge: Dodged            ||     6
